 Dungeon Crawl Stone Soup version 0.18.1-1-g2f07953 (webtiles) character file.

7439 namelastname112 the Destroyer (level 10, 0/69 HPs)
             Began as a Pale Draconian Conjurer on May 7, 2016.
             Was a Follower of Ashenzari.
             Slain by a centaur (8 damage)
             ... on level 11 of the Dungeon.
             The game lasted 00:17:28 (10078 turns).

namelastname112 the Destroyer (DrCj)               Turns: 10078, Time: 00:17:28

Health: 0/69       AC: 10    Str: 12    XL:     10   Next: 93%
Magic:  1/23       EV: 12    Int: 18    God:    Ashenzari [*.....]
Gold:   858        SH:  0    Dex: 11    Spells: 6 memorised, 12 levels left

rFire  . . .     SeeInvis .     d - +0 dagger (venom)
rCold  . . .     Gourm    .     (armour unavailable)
rNeg   . . .     Faith    +     (no shield)
rPois  .         Spirit   .     (helmet restricted)
rElec  .         Dismiss  .     p - +0 cloak
rCorr  .         Reflect  .     N - +0 pair of gloves
SustAt +         Harm     .     J - +0 pair of boots
MR     .....                    H - amulet of faith
Stlth  ++........               (no ring)
                                B - ring of sustain attributes

@: not resistant to hostile enchantments, unstealthy
A: breathe steam, unfitting armour, cold-blooded, AC +7
a: Breathe Steam, Curse Item, Scrying, Renounce Religion


You were on level 11 of the Dungeon.
You worshipped Ashenzari.
Ashenzari was aware of your devotion.
You were not hungry.

You visited 2 branches of the dungeon, and saw 12 of its levels.

You collected 858 gold pieces.

Inventory:

Hand Weapons
 d - a +0 dagger of venom (weapon)
Armour
 p - a +0 cloak (worn)
 J - a +0 pair of boots (worn)
 N - a +0 pair of gloves (worn)
Jewellery
 j - a +6 ring of dexterity
 w - a +4 amulet of reflection
 B - a ring of sustain attributes (left hand)
 H - an amulet of faith (around neck)
 M - an uncursed ring of protection from cold
Wands
 y - a wand of digging (9/24)
 O - a wand of confusion (18/48)
Scrolls
 c - 3 scrolls of identify
 e - 5 scrolls of remove curse
 i - 8 scrolls of teleportation {unknown}
 m - 4 scrolls of magic mapping {unknown}
 n - 3 scrolls of immolation {unknown}
 o - 3 scrolls of random uselessness {unknown}
 r - 3 scrolls of blinking {unknown}
 t - 2 scrolls of recharging {unknown}
 u - a scroll of fear {unknown}
 C - a scroll of amnesia {unknown}
 D - a scroll of noise {unknown}
 F - a scroll of fog {unknown}
 K - a scroll of vulnerability {unknown}
 Q - a scroll of brand weapon {unknown}
Potions
 g - 2 potions of might
 k - a potion of mutation
 l - a potion of brilliance
 q - a potion of berserk rage
 v - a potion of invisibility {unknown}
 z - a potion of curing
 A - 4 potions of haste
 L - a potion of flight
Books
 a - a book of Conjurations

   Spells                             Type                      Level
   a - Magic Dart                     Conjuration                  1
   b - Searing Ray                    Conjuration                  2
   c - Dazzling Spray                 Conjuration/Hexes            3
   d - Fulminant Prism                Conjuration/Hexes            4
   e - Iskenderun's Mystic Blast      Conjuration                  4
   f - Iskenderun's Battlesphere      Conjuration/Charms           5
 E - a book of Spatial Translocations

   Spells                             Type                      Level
   a - Apportation                    Translocation                1
   b - Blink                          Translocation                2
   c - Shroud of Golubria             Charms/Translocation         2
   d - Portal Projectile              Translocation                3
   e - Teleport Other                 Translocation                3
   f - Passage of Golubria            Translocation                4
 G - a book of the Tempests

   Spells                             Type                      Level
   a - Static Discharge               Conjuration/Air              3
   b - Lightning Bolt                 Conjuration/Air              5
   c - Fireball                       Conjuration/Fire             5
   d - Tornado                        Air                          9
   e - Shatter                        Earth                        9
 I - a book of Battle

   Spells                             Type                      Level
   a - Infusion                       Charms                       1
   b - Shroud of Golubria             Charms/Translocation         2
   c - Song of Slaying                Charms                       2
   d - Spectral Weapon                Hexes/Charms                 3
   e - Regeneration                   Charms/Necromancy            3
Comestibles
 b - 5 bread rations
 f - 6 meat rations
 h - 3 beef jerkies
 s - 8 fruits


   Skills:
 - Level 1.7 Dodging
 - Level 1.7 Stealth
 + Level 9.3 Spellcasting
 + Level 10.8 Conjurations
 + Level 8.5 Charms


You had 12 spell levels left.
You knew the following spells:

 Your Spells              Type           Power        Failure   Level  Hunger
a - Iskenderun's Battles  Conj/Chrm      #####...     4%          5    #####..
b - Blink                 Tloc           N/A          14%         2    None
c - Fulminant Prism       Conj/Hex       ####......   12%         4    ###....
e - Apportation           Tloc           #.........   12%         1    None
x - Searing Ray           Conj           #####.       1%          2    None
z - Magic Dart            Conj           ####         1%          1    None


Dungeon Overview and Level Annotations

Branches:
Dungeon (11/15)            Temple (1/1) D:6            Lair (0/8) D:10
    Orc: D:9-12

Altars:
Ashenzari
Cheibriados
Dithmenos
Elyvilon
Fedhas
Gozag
Kikubaaqudgha
Makhleb
Nemelex Xobeh
Okawaru
Pakellas
Qazlal
Ru
Sif Muna
Vehumet
Xom
Yredelemnul
Zin
The Shining One

Annotations:
D:3 ThereIsNoGod's ghost, amateur GrFi


Innate Abilities, Weirdness & Mutations

You can breathe blasts of scalding, opaque steam.
Your pale cyan-grey scales are hard (AC +7).
Your body does not fit into most forms of armour.
You are cold-blooded and may be slowed by cold attacks.


Message History

You have got your breath back.
The centaur shoots an arrow.
The arrow hits you!
The centaur unwields an uncursed shortbow.
The centaur hits you.
* * * LOW HITPOINT WARNING * * *
You see here 2 arrows.
You take 15 damage, and have 15/69 hp.
MASSIVE DAMAGE!!
Drink which item? (? for menu, Esc to quit)
You feel better.
The centaur unwields an uncursed shortbow.
The centaur hits you but does no damage.
The centaur shoots an arrow.
The arrow misses you. The centaur barely misses you.
You regained 7 hp, and now have 22/69 hp.
Unknown command.
The centaur barely misses you.
The centaur shoots an arrow.
The arrow hits you!
* * * LOW HITPOINT WARNING * * *
The centaur hits you but does no damage.
The centaur hits you!
You die...

##### ##############
#...# #..).(ccc.....
#...# #.c####cc.(...
#...# #..# ..(.>..
#...# #c@# .......
#...# #c(# .......
#...# #..####.......
#...####.............
#....................
#........(........
#......(.(........
#.)#####..........
#..# #...>.....#


You could see 3 centaurs.

Vanquished Creatures
  A hill giant (D:10)
  The ghost of moxian the Spear-Bearer, a novice MfSk of the Shining One (D:7)
  A gargoyle (D:10)
  A troll (D:10)
  Grinder (D:5)
  2 two-headed ogres
  3 yaks (D:9)
  Sigmund (D:4)
  2 hungry ghosts
  Eustachio (D:4)
  2 hell hounds (D:10)
  4 sky beasts
  A black bear (D:7)
  2 phantoms
  4 ice beasts
  5 ogres
  10 centaurs
  A crocodile (D:10)
  6 giant frogs
  A gnoll sergeant (D:8)
  5 killer bees (D:7)
  8 wights (D:10)
  3 crimson imps
  A giant frog zombie (D:9)
  A quasit (D:5)
  5 hounds
  3 jellies
  2 orc priests
  A giant frog skeleton (D:6)
  A centaur skeleton (D:8)
  4 worker ants
  A killer bee zombie (D:9)
  A worker ant zombie (D:10)
  Robin (D:4)
  15 adders
  5 gnolls (D:8)
  A shadow imp (D:9)
  2 oozes
  An adder zombie (D:6)
  A worm (D:2)
  2 dart slugs (D:2)
  5 giant geckos
  9 orcs
  7 bats
  5 giant cockroaches
  17 goblins
  16 hobgoblins
  13 jackals
  8 kobolds
  3 quokkas
  A giant gecko skeleton (D:8)
  2 giant gecko zombies
  9 giant newts
  A quokka skeleton (D:7)
  A quokka zombie (D:6)
  10 rats
221 creatures vanquished.

Vanquished Creatures (others)
  A howler monkey (D:4)
  39 fulminant prisms
40 creatures vanquished.

Grand Total: 261 creatures vanquished

Notes
Turn   | Place    | Note
--------------------------------------------------------------
     0 | D:1      | namelastname112 the Draconian Conjurer began the quest for the Orb.
     0 | D:1      | Reached XP level 1. HP: 14/14 MP: 3/3
   160 | D:1      | Reached XP level 2. HP: 20/20 MP: 0/5
   223 | D:1      | Learned a level 2 spell: Searing Ray
   463 | D:1      | Reached XP level 3. HP: 4/26 MP: 4/7
  1734 | D:2      | Reached XP level 4. HP: 29/33 MP: 2/8
  1758 | D:2      | Reached skill level 5 in Conjurations
  1768 | D:2      | Found a shimmering altar of Xom.
  1769 | D:2      | Found a shimmering altar of Xom.
  2134 | D:2      | Reached XP level 5. HP: 13/38 MP: 2/10
  2221 | D:2      | Learned a level 5 spell: Iskenderun's Battlesphere
  2460 | D:3      | Noticed ThereIsNoGod's ghost (amateur GrFi)
  2635 | D:3      | Reached skill level 1 in Charms
  2899 | D:3      | Found an iron altar of Okawaru.
  2910 | D:3      | Noticed an ogre
  2936 | D:3      | Killed an ogre
  2936 | D:3      | Reached XP level 6. HP: 30/45 MP: 4/12
  3086 | D:4      | Reached skill level 6 in Conjurations
  3219 | D:4      | Noticed Robin
  3383 | D:4      | Killed Robin
  3510 | D:4      | Noticed Eustachio
  3557 | D:4      | HP: 2/45 [Eustachio/rapier (7)]
  3572 | D:4      | Killed Eustachio
  3572 | D:4      | Your scales start taking on a pale cyan-grey colour.
  3572 | D:4      | Reached XP level 7. HP: 12/50 MP: 1/13
  3943 | D:4      | Found an oddly glowing altar of Pakellas.
  3964 | D:4      | Noticed Sigmund
  3973 | D:4      | Killed Sigmund
  4092 | D:5      | Entered Level 5 of the Dungeon
  4105 | D:5      | Found a shadowy altar of Dithmenos.
  4111 | D:5      | Noticed Grinder
  4113 | D:5      | Reached skill level 5 in Spellcasting
  4116 | D:5      | Paralysed by Grinder for 3 turns
  4128 | D:5      | Killed Grinder
  4183 | D:5      | Reached skill level 7 in Conjurations
  4183 | D:5      | Reached XP level 8. HP: 44/57 MP: 16/16
  4270 | D:5      | Found a glowing golden altar of the Shining One.
  5010 | D:6      | Found a staircase to the Ecumenical Temple.
  5031 | Temple   | Entered the Ecumenical Temple
  5124 | Temple   | Became a worshipper of Ashenzari the Shackled
  5256 | D:6      | Found a blossoming altar of Fedhas.
  5269 | D:6      | Reached skill level 5 in Charms
  5432 | D:6      | Reached skill level 8 in Conjurations
  5518 | D:6      | Learned a level 1 spell: Apportation
  5523 | D:6      | Learned a level 4 spell: Fulminant Prism
  5526 | D:6      | Learned a level 2 spell: Blink
  5786 | D:6      | Found a burning altar of Makhleb.
  5786 | D:6      | Found a stormy altar of Qazlal.
  5884 | D:6      | Reached XP level 9. HP: 62/62 MP: 12/19
  6034 | D:7      | Noticed moxian's ghost (novice MfSk)
  6050 | D:7      | Killed moxian's ghost
  6727 | D:8      | Reached skill level 9 in Conjurations
  7798 | D:9      | Found a shimmering altar of Xom.
  7813 | D:9      | Reached * piety under Ashenzari
  8294 | D:9      | Reached XP level 10. HP: 34/69 MP: 2/22
  8524 | D:10     | Entered Level 10 of the Dungeon
  8601 | D:10     | Gained mutation: Your magical capacity is low (-10% MP). [mutagenic meat]
  8602 | D:10     | Gained mutation: You expend magic power (3 MP) to strengthen your wands. [mutagenic meat]
  8603 | D:10     | Gained mutation: Scrolls take you a little longer to read. [mutagenic meat]
  8628 | D:10     | Lost mutation: Scrolls take you a little longer to read. [potion of cure mutation]
  8628 | D:10     | Lost mutation: Your magical capacity is low (-10% MP). [potion of cure mutation]
  8628 | D:10     | Lost mutation: You expend magic power (3 MP) to strengthen your wands. [potion of cure mutation]
  8662 | D:10     | Noticed a hill giant
  8682 | D:10     | Killed a hill giant
  8866 | D:10     | Noticed a gargoyle
  8878 | D:10     | Killed a gargoyle
  8878 | D:10     | Reached skill level 10 in Conjurations
  9206 | D:10     | Found a staircase to the Lair.
 10078 | D:11     | Slain by a centaur

Skill      XL: |  1  2  3  4  5  6  7  8  9 10 |
---------------+-------------------------------+-----
Spellcasting   | 3 4 5 6 8 9 |  9.3
Conjurations   | 5 6 7 8 9 10 | 10.8
Charms         | 1 2 3 5 7 8 |  8.5
Dodging        | |  1.7
Stealth        | |  1.7

Action                   |  1- 3 |  4- 6 |  7- 9 | 10-12 || total
-------------------------+-------+-------+-------+-------++-------
Melee: Unarmed           |     8 |       |       |       ||     8
       Dagger            |   100 |    39 |    76 |    36 ||   251
       Tailslap          |     4 |     3 |     8 |     7 ||    22
 Cast: Magic Dart        |    46 |    92 |   148 |    57 ||   343
       Searing Ray       |     1 |     7 |     3 |       ||    11
       Iskenderun's Batt |       |       |     5 |    10 ||    15
       Fulminant Prism   |       |       |    19 |    20 ||    39
 Abil: Breathe Steam     |       |       |    16 |     8 ||    24
  Use: Potion            |       |     3 |       |     3 ||     6
       Scroll            |       |       |       |     8 ||     8
 Stab: Sleeping          |       |     1 |       |       ||     1
  Eat: Chunk             |     3 |     6 |    13 |     7 ||    29
       Royal jelly       |       |       |     1 |     1 ||     2
       Meat ration       |       |       |     1 |     1 ||     2
       Pizza             |       |       |     1 |       ||     1
       Beef jerky        |       |       |       |     1 ||     1
Armor: Skin              |    47 |    47 |    52 |    24 ||   170
Dodge: Dodged            |    95 |    67 |   112 |    45 ||   319
Block: Other             |       |       |    13 |       ||    13
